 Dungeon Crawl Stone Soup version 0.29-a0-753-gb7bb9d756e (webtiles) character file.

Game seed: 9661714693691341483

40 Nattfarinn the Magician (level 3, 0/29 HPs)
             Began as a Djinni Necromancer on June 30, 2022.
             Slain by Sigmund
             ... wielding a +0 scythe
              (11 damage)
             ... on level 2 of the Dungeon.
             The game lasted 00:03:00 (2081 turns).

Nattfarinn the Magician (Djinni Necromancer)        Turns: 2081, Time: 00:03:01

Health: 0/29       AC:  3    Str:  9    XL:     3   Next: 72%
Gold:   134        EV: 12    Int: 16    God:
                   SH:  0    Dex: 13

rFire   + + .      SeeInvis .   e - +4 whip
rCold   x . .      Faith    .   (no shield)
rNeg    . . .      Spirit   .   a - +0 robe
rPois   ∞          Reflect  .   (no helmet)
rElec   .          Harm     .   (no cloak)
rCorr   .          Rampage  .   j - +0 pair of gloves
Will    .....                   (boots unavailable)
Stlth   ++........              (no amulet)
HPRegen 0.09/turn               (no ring)
MPRegen 0.00/turn               (no ring)

@: flying, very slightly contaminated
A: sickness immunity, fire resistance 2, cold vulnerability 1, float, innate
caster, HP casting, extra vitality 1
a: no special abilities


You were on level 2 of the Dungeon.
You visited 1 branch of the dungeon, and saw 2 of its levels.

You collected 134 gold pieces.

Inventory:

Hand Weapons
 e - a +4 whip (weapon)
Armour
 a - a +0 robe (worn)
 j - a +0 pair of gloves (worn)
Jewellery
 h - an amulet of regeneration
Scrolls
 b - a scroll of enchant armour {unknown}
 c - a scroll of vulnerability {unknown}
 d - a scroll of poison {unknown}
 g - a scroll of immolation {unknown}
 i - 2 scrolls of enchant weapon {unknown}
Potions
 f - a potion of lignification {unknown}


   Skills:
 * Level 2.4 Fighting
 - Level 2.1 Dodging
 - Level 1.5 Stealth
 + Level 3.5 Spellcasting


You couldn't memorise any spells.
You knew the following spells:

 Your Spells              Type           Power      Damage    Failure   Level
a - Necrotize             Necr           56%        1d6       4%          1
b - Vampiric Draining     Necr           14%        2d7       12%         3
c - Animate Dead          Necr           14%        N/A       38%         4
d - Agony                 Necr           14%        N/A       75%         5
e - Beastly Appendage     Tmut           28%        N/A       4%          1
Your spell library was empty.

Dungeon Overview and Level Annotations

Branches:
Dungeon (2/15)

Altars:

Annotations:
D:2 Sigmund


Innate Abilities, Weirdness & Mutations

You are immune to sickness and miasma.
You are immune to poison.
Your flesh is very heat resistant. (rF++)
You are vulnerable to cold. (rC-)
You float through the air rather than walking.
You learn spells naturally, not from books.
Your magical power is your life essence.
You have superior vitality. (+4 MHP)


Message History

Sigmund hits you from afar with a +0 scythe!
Okay, then.
The spell is quite dangerous to miscast (12% risk of failure)!
Continue anyway?
You miscast Vampiric Draining.
You are very lightly contaminated with residual magic.
Nothing appears to happen.
Sigmund hits you with a +0 scythe.
You are too injured to fight recklessly!
Casting: Vampiric Draining (quite dangerous; 12% risk of failure)
Confirm with . or Enter, or press ? or * to list all spells.
The spell is quite dangerous to miscast (12% risk of failure)!
Continue anyway?
Aiming: Vampiric Draining (quite dangerous; 12% risk of failure)
Press: ? - help, Shift-Dir - straight line, f/p - Sigmund
Aim: Sigmund, wielding a +0 scythe and wearing a +0 robe You draw life force from Sigmund!
You feel life coursing into your body. Sigmund barely misses you.
Casting: Vampiric Draining (quite dangerous; 12% risk of failure)
Confirm with . or Enter, or press ? or * to list all spells.
The spell is quite dangerous to miscast (12% risk of failure)!
Continue anyway?
Aiming: Vampiric Draining (quite dangerous; 12% risk of failure)
Press: ? - help, Shift-Dir - straight line, f/p - Sigmund
Aim: Sigmund, wielding a +0 scythe and wearing a +0 robe (moderately wounded)
You draw life force from Sigmund!
You feel life coursing into your body.
Casting: Vampiric Draining (quite dangerous; 12% risk of failure)
Confirm with . or Enter, or press ? or * to list all spells.
The spell is quite dangerous to miscast (12% risk of failure)!
Continue anyway?
Aiming: Vampiric Draining (quite dangerous; 12% risk of failure)
Press: ? - help, Shift-Dir - straight line, f/p - Sigmund
Aim: Sigmund, wielding a +0 scythe and wearing a +0 robe (severely wounded)
You draw life force from Sigmund!
You feel life coursing into your body.
Sigmund casts a spell.
Sigmund flickers and vanishes!
Deactivating autopickup; reactivate with Ctrl-A.
Okay, then.
You start putting on your amulet.
You continue putting on your amulet of regeneration.
Something hits you.
Keep equipping yourself?
You continue putting on your amulet of regeneration.
Something hits you!
You die...

.......#.......#####
#>.................
#####.###.........#####
# #.......#.#.....[.#
#.#.##..#.#.#########
............#
#...#.....###
........#####
..#.#...@{..# ..
#.#.###.# #. ###.# ...
$...............
###.###.#.........
#.#......... #.#
........ #.. .K.?....
### ....


There were no monsters in sight!

Vanquished Creatures
  A worm (D:2)
  A dart slug (D:1)
  3 bats
  4 endoplasms
  A giant cockroach (D:1)
  4 hobgoblins
  A quokka (D:1)
  4 ball pythons (D:1)
  3 frilled lizards (D:1)
  3 goblins (D:1)
  4 kobolds
  A rat (D:1)
30 creatures vanquished.

Vanquished Creatures (collateral kills)
  A kobold (D:1)
  2 ball pythons (D:1)
3 creatures vanquished.

Grand Total: 33 creatures vanquished

Notes
Turn   | Place    | Note
-------+----------+-------------------------------------------
     0 | D:1      | Nattfarinn the Djinni Necromancer began the quest for the
                  | Orb.
     0 | D:1      | Nattfarinn set off with the following spells memorised:
                  | Necrotize, Vampiric Draining, Animate Dead, Agony.
     0 | D:1      | Reached XP level 1. HP: 15/15 MP: 0/0
   209 | D:1      | Reached skill level 1 in Fighting
   209 | D:1      | Reached XP level 2. HP: 18/22 MP: 0/0
   856 | D:1      | Reached XP level 3. HP: 27/28 MP: 0/0
   856 | D:1      | Learned a level 1 spell: Beastly Appendage
  2069 | D:2      | Noticed Sigmund
  2081 | D:2      | Slain by Sigmund

Illustrated notes

Levels and vault maps discovered:
D:1:      dpeg_arrival_stonehenge_8_columns, layout_basic, minmay_tetromino_i4
D:2:      layout_basic, serial_shops, nicolae_shop_hallway_stairs, uniq_sigmund

Skill      XL: |  1  2  3 |
---------------+----------+-----
Fighting       | 1 2 |  2.4
Dodging        | |  2.1
Stealth        | |  1.5
Spellcasting   | |  3.5

Action                   || total
-------------------------++-------
Melee: Whip              ||     6
 Cast: Necrotize         ||    64
       Vampiric Draining ||     3
Armor: Robe              ||     6
Dodge: Dodged            ||    21

Table legend: (Time is in decaauts)
 A = Elapsed time spent in this place.
 B = Non-inter-level travel time spent in this place.
 C = Inter-level travel time spent in this place.
 D = Time resting spent in this place.
 E = Time spent auto-exploring this place.
 F = Levels seen in this place.
 G = Mean time per level.
                   A        B        C        D        E       F      G
               +--------+--------+--------+--------+--------+-----+--------+
         Total |   2080 |   2035 |     45 |    409 |   1442 |   2 | 1040.0 |
       Dungeon |   2080 |   2035 |     45 |    409 |   1442 |   2 | 1040.0 |
               +--------+--------+--------+--------+--------+-----+--------+

Top non-repeatable levels by time:
     D:1: 1622 daAuts
     D:2: 458 daAuts
